[Event "Asian Amateur Rapid 2024"]
[Site "Al Ain"]
[Date "2024.12.15"]
[Round "5.3"]
[White "Hamdan Edrees, Alhamed"]
[Black "Mohamed Saeed Laily"]
[Result "0-1"]
[ECO "D35"]
[WhiteElo "1939"]
[BlackElo "1984"]
[Annotator "NA COMBH"]
[PlyCount "141"]
[EventDate "2024.12.15"]
[EventType "swiss"]
[EventCountry "UAE"]
[SourceTitle "playchess.com"]
[Source "ChessBase"]
[SourceQuality "1"]
[TimeControl "900+10"]

1. Nf3 d5 2. g3 Nc6 3. d4 Bf5 4. c4 e6 5. cxd5 exd5 6. Bg2 Nf6 7. O-O Be7 8. Nc3 O-O 9. Bf4 Ne4 10. Qb3 Nxc3 11. bxc3 Na5 12. Qd1 Nc4 13. Nd2 Nxd2 14. Qxd2 c6 15. Qb2 Qb6 16. Qd2 Ba3 17. Rae1 Rfe8 18. f3 Rad8 19. e4 Bg6 20. Rb1 Qa6 21. Rfe1 c5 22. Bf1 c4 23. Bg2 b5 24. Re2 Qa4 25. Rbe1 dxe4 26. fxe4 b4 27. g4 Qa5 28. h4 bxc3 29. Qc2 h5 30. Bf3 Rxd4 31. Rg2 hxg4 32. Rxg4 Bh5 33. Rg5 Bc5 34. Kg2 Bxf3+ 35. Kxf3 Rd3+ 36. Kg2 Qb6 37. Qe2 Qf6 38. Qg4 Rd2+ 39. Bxd2 cxd2 40. Rf1 Qd4 41. Qf4 Rf8 42. Rd5 Qe3 43. Rxd2 Qxf4 44. Rxf4 Be3 45. Rff2 Bxd2 46. Rxd2 c3 47. Rc2 Rc8 48. Kf3 Kf8 49. Ke3 Ke7 50. Kd4 Ke6 51. a4 a5 52. Rxc3 Rxc3 53. Kxc3 Ke5 54. Kc4 Kxe4 55. Kb5 f5 56. Kxa5 f4 57. Kb6 f3 58. a5 f2 59. a6 f1=Q 60. a7 Qb1+ 61. Kc7 Qc2+ 62. Kb6 Qa4 63. h5 Kf5 64. Kb7 Kg5 65. a8=Q Qxa8+ 66. Kxa8 Kxh5 67. Kb7 g5 68. Kc6 g4 69. Kd5 g3 70. Ke4 g2 {[%emt 0:00:01] Check Result:-#10} 71. Kd4 0-1

[Event "Asian Amateur Rapid 2024"]
[Site "Al Ain"]
[Date "2024.12.15"]
[Round "5.4"]
[White "Lovakov, Egor Vlad"]
[Black "Farhaan, M."]
[Result "1-0"]
[ECO "D94"]
[WhiteElo "1763"]
[BlackElo "1695"]
[Annotator "NA COMBH"]
[PlyCount "99"]
[EventDate "2024.12.15"]
[EventType "swiss"]
[EventCountry "UAE"]
[SourceTitle "playchess.com"]
[Source "ChessBase"]
[SourceQuality "1"]
[TimeControl "900+10"]

1. d4 Nf6 2. c4 c6 3. Nc3 d5 4. Nf3 g6 5. h3 Bg7 6. e3 a6 7. c5 O-O 8. Bd3 Nfd7 9. O-O e5 10. Nxe5 Nxe5 11. dxe5 Bxe5 12. e4 Be6 13. exd5 Bxd5 14. Qc2 Nd7 15. Nxd5 cxd5 16. Rb1 a5 17. a3 a4 18. Be3 Rc8 19. Qxa4 d4 20. Bxd4 Nb6 21. cxb6 Bxd4 22. Be4 Qxb6 23. Bxb7 Bxf2+ 24. Rxf2 Qxb7 25. Qf4 Ra8 26. Qf3 Qb5 27. Rc1 Ra7 28. Kh1 Rd8 29. Rfc2 Rad7 30. Qe2 Qb8 31. b4 Re8 32. Qc4 Rde7 33. Qc3 Re3 34. Qxe3 Rxe3 35. Rc8+ Qxc8 36. Rxc8+ Kg7 37. a4 Rb3 38. Rb8 Kf6 39. a5 Ra3 40. Rb6+ Ke5 41. a6 Kf4 42. Kh2 f5 43. b5 g5 44. Rc6 h5 45. Rc4+ Ke3 46. Rb4 g4 47. hxg4 hxg4 48. b6 Rxa6 49. b7 f4 {[%emt 0:01:50] Check Result:#9} 50. b8=Q 1-0

[Event "Asian Amateur Rapid 2024"]
[Site "Al Ain"]
[Date "2024.12.15"]
[Round "5.5"]
[White "Bigabylov, Zhuban"]
[Black "Adel, Tahseen Khalil"]
[Result "1-0"]
[ECO "E09"]
[WhiteElo "1907"]
[BlackElo "1833"]
[Annotator "NA COMBH"]
[PlyCount "72"]
[EventDate "2024.12.15"]
[EventType "swiss"]
[EventCountry "UAE"]
[SourceTitle "playchess.com"]
[Source "ChessBase"]
[SourceQuality "1"]
[TimeControl "900+10"]

1. d4 d5 2. c4 e6 3. Nf3 Nf6 4. g3 Be7 5. Bg2 Nbd7 6. O-O c6 7. Qc2 O-O 8. Nbd2 Re8 9. e4 dxe4 10. Nxe4 Nxe4 11. Qxe4 Nf6 12. Qe2 Qc7 13. Bf4 Bd6 14. Ne5 c5 15. Rfd1 Nd7 16. Nxd7 Bxf4 17. Nxc5 Bh6 18. Qe5 Qe7 19. Ne4 Rd8 20. Qc5 Qe8 21. Qa3 a6 22. Nd6 Qd7 23. c5 Rb8 24. b4 g6 25. d5 Qe7 26. Re1 Rxd6 27. cxd6 Qxd6 28. dxe6 Bxe6 29. Rad1 Qc7 30. Bd5 Bg4 31. Rd4 Bf5 32. Qf3 Rd8 33. Red1 Rf8 34. Bxb7 Bg7 35. Rd6 a5 36. b5 {[%emt 0:00:21] Check Result:4.47} Be6 1-0

[Event "Asian Amateur Rapid 2024"]
[Site "Al Ain"]
[Date "2024.12.15"]
[Round "5.6"]
[White "Ghaith Saeed Alnuaimi"]
[Black "Khalifah, Khaled"]
[Result "0-1"]
[ECO "E60"]
[WhiteElo "1870"]
[BlackElo "1962"]
[Annotator "NA COMBH"]
[PlyCount "68"]
[EventDate "2024.12.15"]
[EventType "swiss"]
[EventCountry "UAE"]
[SourceTitle "playchess.com"]
[Source "ChessBase"]
[SourceQuality "1"]
[TimeControl "900+10"]

1. Nf3 c5 2. b3 Nf6 3. Bb2 g6 4. c4 Bg7 5. g3 O-O 6. Bg2 Nc6 7. O-O d6 8. d4 cxd4 9. Nxd4 Bd7 10. Nc2 Qc8 11. Re1 Bh3 12. Bh1 Qf5 13. e4 Qc5 14. Ne3 Ne5 15. Nc3 Neg4 16. Qe2 Nxe3 17. Qxe3 Qh5 18. f3 Be6 19. Rad1 Qa5 20. Bg2 h5 21. Qf2 a6 22. Nd5 Bxd5 23. exd5 Qxa2 24. Rb1 b5 25. Bf1 Rfb8 26. Ra1 Qxb3 27. Reb1 bxc4 28. Bxf6 Bxf6 29. Rxb3 cxb3 30. Rb1 a5 31. Bd3 a4 32. g4 hxg4 33. fxg4 Rb4 34. h3 {[%emt 0:00:11] Check Result:-30.75} Bd4 0-1

[Event "Asian Amateur Rapid 2024"]
[Site "Al Ain"]
[Date "2024.12.15"]
[Round "5.7"]
[White "Chekanov, Timur"]
[Black "Al Hosni, Khalfan"]
[Result "1-0"]
[ECO "A43"]
[WhiteElo "1865"]
[BlackElo "1749"]
[Annotator "NA COMBH"]
[PlyCount "145"]
[EventDate "2024.12.15"]
[EventType "swiss"]
[EventCountry "UAE"]
[SourceTitle "playchess.com"]
[Source "ChessBase"]
[SourceQuality "1"]
[TimeControl "900+10"]

1. d4 Nf6 2. Nf3 c5 3. d5 g6 4. Nc3 Bg7 5. e4 d6 6. Bb5+ Bd7 7. a4 Qa5 8. O-O Bxb5 9. Nxb5 Nxe4 10. Qe2 f5 11. Ng5 O-O 12. Nxe4 fxe4 13. Qxe4 Rf7 14. Qe6 Na6 15. Bg5 Nc7 16. Nxc7 Qxc7 17. c3 Raf8 18. Rae1 Bf6 19. Bxf6 exf6 20. Re2 Kg7 21. Rfe1 Rd8 22. h4 Rdd7 23. h5 Qa5 24. hxg6 hxg6 25. Qe8 Rd8 26. Qb5 Qc7 27. a5 Rh8 28. a6 bxa6 29. Qxa6 Qb6 30. Qxb6 axb6 31. Re6 Rd7 32. Re7+ Rxe7 33. Rxe7+ Kh6 34. Rd7 Rb8 35. Rxd6 Kg5 36. Re6 Kf5 37. f3 c4 38. g4+ Kg5 39. Kf2 b5 40. Kg3 Rd8 41. f4+ Kh6 42. d6 Kg7 43. f5 Kf7 44. Re7+ Kf8 45. fxg6 Rxd6 46. g7+ Kg8 47. Rb7 Rd5 48. Kf4 Rg5 49. Kf3 Rd5 50. Ke4 Rg5 51. Kf4 Rd5 52. Ke3 Rg5 53. Kd4 Rxg4+ 54. Kc5 Rg5+ 55. Kc6 Re5 56. Rxb5 Re2 57. Kd5 Kxg7 58. Kxc4 Kg6 59. Kd3 Re6 60. c4 f5 61. c5 Kg5 62. Rb6 Re8 63. c6 f4 64. Rb5+ Kg4 65. c7 Rc8 66. Rc5 Kg3 67. Ke2 Kg2 68. Rg5+ Kh3 69. Rg7 Kh4 70. Kf3 Kh5 71. Kxf4 Kh6 72. Rd7 Kg6 {[%emt 0:00:04] Check Result:#16} 73. Ke5 1-0

[Event "Asian Amateur Rapid 2024"]
[Site "Al Ain"]
[Date "2024.12.15"]
[Round "5.8"]
[White "AbuAzizah, Raji"]
[Black "Shelke Omkar"]
[Result "1-0"]
[ECO "D27"]
[WhiteElo "2161"]
[BlackElo "1764"]
[Annotator "RC"]
[PlyCount "151"]
[EventDate "2024.12.15"]
[EventType "swiss"]
[EventCountry "UAE"]
[SourceTitle "playchess.com"]
[Source "ChessBase"]
[SourceQuality "1"]
[TimeControl "900+10"]

1. d4 d5 2. c4 dxc4 3. e3 Nf6 4. Nc3 e6 5. Bxc4 c5 6. Nf3 a6 7. a4 Nc6 8. O-O Be7 9. dxc5 Bxc5 10. Qe2 O-O 11. Rd1 Qe7 12. e4 Nb4 13. Bg5 e5 14. Nd5 Nbxd5 15. Bxd5 Bg4 16. h3 Bh5 17. g4 Bg6 18. a5 h5 19. Nh4 Kh7 20. Nf5 Bxf5 21. gxf5 g6 22. Rac1 Bd4 23. Rxd4 exd4 24. e5 Qd7 25. Bxf7 Qxf5 26. Bxf6 Rxf7 27. Kg2 Re8 28. Qd2 Qe4+ 29. f3 Qe3 30. Qxe3 dxe3 31. f4 e2 32. Kf2 Kg8 33. Re1 g5 34. Kf3 gxf4 35. Kxf4 Kf8 36. Kf5 Rd7 37. Rxe2 Rd3 38. h4 Rf3+ 39. Kg6 Re6 40. Rd2 Re8 41. Kxh5 Kf7 42. Rd7+ Ke6 43. Rxb7 Kf5 44. Rb6 Ra8 45. Bg7 Rg3 46. Rf6+ Ke4 47. Rg6 Rf3 48. e6 Re8 49. Bc3 Rf5+ 50. Kh6 Kd5 51. e7 Rxe7 52. Rxa6 Re4 53. Bf6 Re6 54. Rxe6 Kxe6 55. Bc3 Kf7 56. a6 Rd5 57. a7 Rd6+ 58. Kg5 Ra6 59. Bd4 Ra5+ 60. Kf4 Ke7 61. b4 Ra4 62. Bc5+ Kd7 63. Kg5 Kc7 64. h5 Kb7 65. h6 Ra1 66. h7 Rh1 67. Kg6 Rh2 68. Bf8 Rg2+ 69. Kf7 Rh2 70. Kg8 Rg2+ 71. Bg7 Rh2 72. h8=Q Rxh8+ 73. Bxh8 Kxa7 74. Bd4+ Ka6 75. Bc5 Kb5 76. Kf7 1-0

[Event "Asian Amateur Rapid 2024"]
[Site "Al Ain"]
[Date "2024.12.15"]
[Round "5.9"]
[White "Yahya Shuaib Al Kaff"]
[Black "Sharma Pankaj"]
[Result "0-1"]
[ECO "D19"]
[WhiteElo "1879"]
[BlackElo "1861"]
[Annotator "NA COMBH"]
[PlyCount "54"]
[EventDate "2024.12.15"]
[EventType "swiss"]
[EventCountry "UAE"]
[SourceTitle "playchess.com"]
[Source "ChessBase"]
[SourceQuality "1"]
[TimeControl "900+10"]

1. d4 d5 2. c4 c6 3. Nc3 Nf6 4. Nf3 dxc4 5. a4 Bf5 6. e3 e6 7. Bxc4 Bb4 8. O-O O-O 9. Qe2 Bg6 10. Rd1 Nbd7 11. Ne1 Qe7 12. Nd3 a5 13. f3 Bxd3 14. Bxd3 e5 15. dxe5 Nxe5 16. Bc2 Rad8 17. e4 Rxd1+ 18. Nxd1 Rd8 19. Bg5 h6 20. Bh4 Rd2 21. Qf1 Rxc2 22. Ne3 Bc5 23. Bf2 Rxb2 24. Rc1 b6 25. Kh1 g6 26. h3 Nh5 27. Qe1 {[%emt 0:00:08] Check Result:-25.62} Nd3 0-1

[Event "Asian Amateur Rapid 2024"]
[Site "Al Ain"]
[Date "2024.12.15"]
[Round "5.10"]
[White "Atharv Bansal"]
[Black "Saqar Essa Khamis"]
[Result "0-1"]
[ECO "B22"]
[WhiteElo "1896"]
[BlackElo "1684"]
[Annotator "NA COMBH"]
[PlyCount "136"]
[EventDate "2024.12.15"]
[EventType "swiss"]
[EventCountry "UAE"]
[SourceTitle "playchess.com"]
[Source "ChessBase"]
[SourceQuality "1"]
[TimeControl "900+10"]

1. e4 c5 2. c3 d5 3. exd5 Qxd5 4. d4 Nc6 5. Nf3 Nf6 6. Be2 e6 7. O-O Be7 8. Na3 O-O 9. Nc2 Rd8 10. Be3 b6 11. Nd2 Bb7 12. Bf3 Qd7 13. Nc4 Nd5 14. dxc5 bxc5 15. Qe2 Ba6 16. Rfd1 Rab8 17. N2a3 Na5 18. Be4 Nxc4 19. Nxc4 Qa4 20. Bd3 Nxe3 21. fxe3 Rxd3 22. Qxd3 Bxc4 23. Qe4 Qa6 24. b3 Be2 25. Rd2 Bf6 26. Rc1 Bb5 27. Rcd1 Bc6 28. Qf4 Qb7 29. c4 h6 30. Qd6 Be7 31. Qe5 Rc8 32. Rf1 Rd8 33. Rdf2 Bf6 34. Qxc5 Be4 35. h3 Rd3 36. Re2 Bg5 37. Rfe1 Qb8 38. Qb5 Qg3 39. Qe8+ Kh7 40. Qxf7 Bxg2 41. Qf2 Qxf2+ 42. Kxf2 Bxh3 43. Rh1 Bg4 44. Ree1 Rd2+ 45. Kg3 Bf5 46. Rh2 Rd3 47. Kf3 e5 48. Rc2 Bh4 49. Rh1 Bg5 50. c5 Rxe3+ 51. Kf2 Bxc2 52. Rg1 Rc3 53. Ke2 Bd3+ 54. Kf3 e4+ 55. Kg4 Be2+ 56. Kf5 Rxc5+ 57. Kxe4 Bh5 58. b4 Rc4+ 59. Kd5 Rxb4 60. Rg3 Bf7+ 61. Kc5 Be7+ 62. Kc6 Rb6+ 63. Kd7 Bf6 64. a3 Be6+ 65. Kc7 Be5+ 66. Kd8 Bxg3 67. a4 Bd6 68. a5 {[%emt 0:00:02] Check Result:?ev?} Rb8# 0-1

[Event "Asian Amateur Rapid 2024"]
[Site "Al Ain"]
[Date "2024.12.15"]
[Round "5.11"]
[White "Rashid Husain Alhammadi"]
[Black "Soud, Jaber"]
[Result "0-1"]
[ECO "C67"]
[WhiteElo "1914"]
[BlackElo "1956"]
[Annotator "NA COMBH"]
[PlyCount "65"]
[EventDate "2024.12.15"]
[EventType "swiss"]
[EventCountry "UAE"]
[SourceTitle "playchess.com"]
[Source "ChessBase"]
[SourceQuality "1"]
[TimeControl "900+10"]

1. e4 e5 2. Nf3 Nc6 3. Bb5 Nf6 4. O-O Nxe4 5. Re1 Nd6 6. Nxe5 Be7 7. Bf1 Nxe5 8. Rxe5 O-O 9. d4 Bf6 10. Bd3 Bxe5 11. dxe5 Ne8 12. Qh5 g6 13. Qh6 Qe7 14. Nc3 Qxe5 15. Bg5 d5 16. Kf1 Bf5 17. Bxf5 Qxf5 18. Be7 Nf6 19. Bxf8 Rxf8 20. Qd2 Re8 21. Qd4 b6 22. Rd1 c5 23. Qa4 Re7 24. f3 d4 25. Ne2 Qe5 26. Ng3 Nd5 27. Kg1 Qe3+ 28. Kf1 h5 29. Qc6 Nf4 30. h4 Re6 31. Qc8+ Kg7 32. Qd8 Nh3 {[%emt 0:00:43] Check Result:-#7} 33. gxh3 0-1

[Event "Asian Amateur Rapid 2024"]
[Site "Al Ain"]
[Date "2024.12.15"]
[Round "5.12"]
[White "Raj Aryan"]
[Black "Muhammad Shayan Noushad Ibrahi"]
[Result "1-0"]
[ECO "D03"]
[WhiteElo "1609"]
[BlackElo "1716"]
[Annotator "NA COMBH"]
[PlyCount "83"]
[EventDate "2024.12.15"]
[EventType "swiss"]
[EventCountry "UAE"]
[SourceTitle "playchess.com"]
[Source "ChessBase"]
[SourceQuality "1"]
[TimeControl "900+10"]

1. d4 d5 2. Nf3 Nf6 3. Bg5 c6 4. e3 Bf5 5. c4 e6 6. Qb3 Qc8 7. Nc3 Nbd7 8. cxd5 exd5 9. Rc1 Be7 10. Ne5 O-O 11. Be2 Qc7 12. f4 Qb6 13. g4 Be4 14. Nxe4 dxe4 15. Nxd7 Bb4+ 16. Kf2 Nxd7 17. Qc2 Rae8 18. Bc4 Bd6 19. b4 Kh8 20. Bh4 Qc7 21. Bg3 Bxb4 22. Qb3 Bd6 23. f5 Nb6 24. Kg2 Nxc4 25. Qxc4 Rd8 26. a4 Qe7 27. Bxd6 Qxd6 28. a5 Qh6 29. Rhe1 Qg5 30. Kg3 Rd5 31. h4 Qe7 32. a6 Rc8 33. Qxd5 Re8 34. Qe5 Qd8 35. Qf4 bxa6 36. Rc3 c5 37. Rxc5 Qa5 38. Rc6 h6 39. Rec1 g5 40. f6 Rg8 41. hxg5 Qc5 {Check Result:#5} 42. R6xc5 1-0

[Event "Asian Amateur Rapid 2024"]
[Site "Al Ain"]
[Date "2024.12.15"]
[Round "5.13"]
[White "Umarov, Mukhammadrizo"]
[Black "Manuwaruna, Sethun Neththaru"]
[Result "1-0"]
[ECO "A96"]
[WhiteElo "1902"]
[BlackElo "1933"]
[Annotator "NA COMBH"]
[PlyCount "59"]
[EventDate "2024.12.15"]
[EventType "swiss"]
[EventCountry "UAE"]
[SourceTitle "playchess.com"]
[Source "ChessBase"]
[SourceQuality "1"]
[TimeControl "900+10"]

1. c4 f5 2. Nf3 Nf6 3. Nc3 d6 4. d4 e6 5. g3 Be7 6. Bg2 O-O 7. O-O Ne4 8. Qc2 Nxc3 9. Qxc3 Bf6 10. b3 c5 11. e3 Nc6 12. Bb2 e5 13. dxe5 dxe5 14. Rad1 Qe7 15. Qc2 g5 16. Nd2 Nb4 17. Qb1 Rd8 18. a3 Nd3 19. Bd5+ Rxd5 20. cxd5 e4 21. Bxf6 Qxf6 22. f4 gxf4 23. gxf4 b5 24. Kh1 Kf7 25. Nf3 Bd7 26. Rxd3 exd3 27. Ne5+ Ke7 28. Qxd3 a6 29. d6+ Ke6 {[%emt 0:00:20] Check Result:15.70} 30. Rd1 1-0

[Event "Asian Amateur Rapid 2024"]
[Site "Al Ain"]
[Date "2024.12.15"]
[Round "5.14"]
[White "Fedorov, Grigory"]
[Black "Alviz, Joshua Ezekiel"]
[Result "1-0"]
[ECO "C02"]
[WhiteElo "1916"]
[BlackElo "1766"]
[Annotator "NA COMBH"]
[PlyCount "85"]
[EventDate "2024.12.15"]
[EventType "swiss"]
[EventCountry "UAE"]
[SourceTitle "playchess.com"]
[Source "ChessBase"]
[SourceQuality "1"]
[TimeControl "900+10"]

1. e4 e6 2. d4 d5 3. e5 c5 4. c3 Nc6 5. Nf3 Bd7 6. Bd3 cxd4 7. O-O dxc3 8. Nxc3 Nge7 9. Re1 Ng6 10. g3 Bb4 11. a3 Bxc3 12. bxc3 Qc7 13. Qe2 Na5 14. h4 Rc8 15. h5 Ne7 16. h6 g6 17. Bg5 Ng8 18. Nd4 a6 19. Rab1 Qc5 20. Rb4 Qf8 21. Reb1 Nxh6 22. Rxb7 Nc4 23. Bxc4 dxc4 24. Rb8 f6 25. Qxc4 Kf7 26. Rxc8 Qxc8 27. Qxc8 Rxc8 28. Bxh6 Rxc3 29. Rb7 fxe5 30. Rxd7+ Ke8 31. Ne2 Rc2 32. Rd2 Rc4 33. Rd6 Ra4 34. Bc1 Ke7 35. Rb6 Kd7 36. Rb7+ Kc6 37. Rxh7 Re4 38. Kf1 Rc4 39. Rg7 Kd5 40. Rxg6 Rc2 41. Rg4 e4 42. Ke1 Ra2 {[%emt 0:00:06] Check Result:#15} 43. Nc3+ 1-0

[Event "Asian Amateur Rapid 2024"]
[Site "Al Ain"]
[Date "2024.12.15"]
[Round "5.15"]
[White "Al Hinai, Qusay"]
[Black "Sendi, David V"]
[Result "1-0"]
[ECO "B82"]
[WhiteElo "1862"]
[BlackElo "1747"]
[Annotator "NA COMBH"]
[PlyCount "59"]
[EventDate "2024.12.15"]
[EventType "swiss"]
[EventCountry "UAE"]
[SourceTitle "playchess.com"]
[Source "ChessBase"]
[SourceQuality "1"]
[TimeControl "900+10"]

1. e4 c5 2. Nf3 e6 3. d4 cxd4 4. Nxd4 a6 5. Nc3 Qc7 6. Bd3 Nf6 7. a4 Be7 8. O-O d6 9. Kh1 O-O 10. f4 Nbd7 11. f5 Ne5 12. Bg5 Bd7 13. Qe1 h6 14. Bd2 Qb6 15. Nf3 Nxd3 16. cxd3 exf5 17. exf5 Rfe8 18. Qg3 Bxf5 19. Nh4 Nh5 20. Qf3 Bg6 21. Nd5 Qd8 22. Nxg6 fxg6 23. Qf7+ Kh7 24. Bc3 Rc8 25. g4 Rxc3 26. gxh5 Rc2 27. Nxe7 Qxe7 28. hxg6+ Kh8 29. Qxe7 Rxe7 {[%emt 0:00:02] Check Result:?ev?} 30. Rf8# 1-0

[Event "Asian Amateur Rapid 2024"]
[Site "Al Ain"]
[Date "2024.12.15"]
[Round "5.16"]
[White "Ebenezer, Joseph"]
[Black "Medetuly, Nurdaulet"]
[Result "0-1"]
[ECO "B26"]
[WhiteElo "1993"]
[BlackElo "1618"]
[Annotator "NA COMBH"]
[PlyCount "72"]
[EventDate "2024.12.15"]
[EventType "swiss"]
[EventCountry "UAE"]
[SourceTitle "playchess.com"]
[Source "ChessBase"]
[SourceQuality "1"]
[TimeControl "900+10"]

1. e4 c5 2. Nc3 d6 3. g3 Nf6 4. Bg2 g6 5. d3 Bg7 6. h3 Nc6 7. Be3 Qb6 8. Rb1 a5 9. Qd2 O-O 10. Bh6 Nd4 11. Bxg7 Kxg7 12. Nge2 Bd7 13. Nxd4 cxd4 14. Ne2 e5 15. f4 Rac8 16. O-O Qc5 17. Rbc1 b5 18. Kh1 b4 19. c3 dxc3 20. bxc3 bxc3 21. Nxc3 Qd4 22. Ne2 Qb4 23. Qe3 Rxc1 24. Rxc1 Qb2 25. fxe5 dxe5 26. Rc5 Qxa2 27. Kh2 Re8 28. Nc3 Qa3 29. g4 Bxg4 30. d4 exd4 31. Qxd4 Be6 32. Nd5 Bxd5 33. exd5 Qb4 34. Rc4 Qd6+ 35. Kg1 Qg3 36. Rc1 {[%emt 0:00:19] Check Result:-#4} Re2 0-1

[Event "Asian Amateur Rapid 2024"]
[Site "Al Ain"]
[Date "2024.12.15"]
[Round "5.17"]
[White "Kim, Taewoo A"]
[Black "Al Namas, Kanan"]
[Result "0-1"]
[ECO "D11"]
[WhiteElo "1863"]
[BlackElo "1813"]
[Annotator "NA COMBH"]
[PlyCount "72"]
[EventDate "2024.12.15"]
[EventType "swiss"]
[EventCountry "UAE"]
[SourceTitle "playchess.com"]
[Source "ChessBase"]
[SourceQuality "1"]
[TimeControl "900+10"]

1. d4 d5 2. c4 c6 3. Nf3 Nf6 4. e3 a6 5. c5 Bf5 6. Nc3 b5 7. Nh4 Bg6 8. Nxg6 hxg6 9. Bd3 Nbd7 10. f4 e6 11. Bd2 Nh5 12. Qf3 f5 13. Kf2 Nhf6 14. h3 Ne4+ 15. Bxe4 dxe4 16. Nxe4 fxe4 17. Qxe4 Kf7 18. b4 Rc8 19. a4 Nf6 20. Qf3 Qd5 21. Qxd5 exd5 22. Rhb1 Ne4+ 23. Ke2 Be7 24. axb5 axb5 25. Ra6 Rhe8 26. Rba1 g5 27. Rb6 gxf4 28. Raa6 fxe3 29. Be1 Bf6 30. Rxc6 Rxc6 31. Rxc6 Bxd4 32. Rb6 Bc3 33. Rxb5 Bxe1 34. Kxe1 Nc3 35. Rb7+ Ke6 36. c6 {[%emt 0:00:37] Check Result:-#2} Ra8 0-1

[Event "Asian Amateur Rapid 2024"]
[Site "Al Ain"]
[Date "2024.12.15"]
[Round "5.18"]
[White "Daneshpour, S.A."]
[Black "Pathak Anshu Kr"]
[Result "1-0"]
[ECO "A10"]
[WhiteElo "1899"]
[BlackElo "1661"]
[Annotator "NA COMBH"]
[PlyCount "127"]
[EventDate "2024.12.15"]
[EventType "swiss"]
[EventCountry "UAE"]
[SourceTitle "playchess.com"]
[Source "ChessBase"]
[SourceQuality "1"]
[TimeControl "900+10"]

1. g3 e6 2. Bg2 d5 3. c4 c6 4. b3 f5 5. Bb2 Nf6 6. Nf3 Be7 7. O-O O-O 8. d3 Nbd7 9. Nbd2 Nc5 10. Qc2 Qc7 11. Be5 Bd6 12. Bxd6 Qxd6 13. Rac1 b6 14. cxd5 cxd5 15. d4 Nce4 16. Ne5 Ba6 17. Ndf3 Rac8 18. Qb2 Bb5 19. Rxc8 Rxc8 20. Rc1 Qd8 21. e3 h6 22. Qa3 Rxc1+ 23. Qxc1 Kh7 24. Ne1 Qe7 25. a4 Be8 26. N1d3 Bh5 27. f3 Nd6 28. Qc6 Be8 29. Qc1 Nf7 30. Nxf7 Bxf7 31. Bf1 Qb7 32. Ne5 Be8 33. Bd3 Kg8 34. Kf2 Nd7 35. Qc6 Qxc6 36. Nxc6 a5 37. Ne7+ Kf8 38. Nc8 e5 39. Bb5 exd4 40. exd4 Nf6 41. Nxb6 Bxb5 42. axb5 Ke8 43. Ke3 g5 44. Na4 Kd7 45. h3 Nh5 46. g4 f4+ 47. Ke2 Nf6 48. Kd3 Kc7 49. Kd2 Ne8 50. Kd3 Nf6 51. Ke2 Ne8 52. Kd2 Kd6 53. Kd3 Kc7 54. Nc3 Nf6 55. Kc2 Kd6 56. Kb2 Nd7 57. Ka3 Nb6 58. Na4 Nd7 59. b4 axb4+ 60. Kxb4 Nf8 61. Nc5 Ng6 62. Nd3 Nh4 63. Ne5 Kc7 {[%emt 0:00:33] Check Result:30.07} 64. Kc5 1-0

[Event "Asian Amateur Rapid 2024"]
[Site "Al Ain"]
[Date "2024.12.15"]
[Round "5.19"]
[White "Hayder, Hassan Shyaa"]
[Black "Muhammad Saifan Noushad Ibrahi"]
[Result "1-0"]
[ECO "B13"]
[WhiteElo "1991"]
[BlackElo "1534"]
[Annotator "NA COMBH"]
[PlyCount "57"]
[EventDate "2024.12.15"]
[EventType "swiss"]
[EventCountry "UAE"]
[SourceTitle "playchess.com"]
[Source "ChessBase"]
[SourceQuality "1"]
[TimeControl "900+10"]

1. e4 c6 2. d4 d5 3. exd5 cxd5 4. Bd3 Nc6 5. c3 Nf6 6. Nf3 Bg4 7. O-O e6 8. h3 Bh5 9. Bg5 Bd6 10. Nbd2 h6 11. Be3 Qc7 12. g4 Bg6 13. Bxg6 fxg6 14. Qc2 Qf7 15. Nh4 g5 16. Ng6 Rg8 17. f4 gxf4 18. Bxf4 O-O-O 19. Bxd6 Rxd6 20. Nf3 Ne4 21. Nfe5 Qc7 22. Rf7 Qb6 23. Nxc6 Rxc6 24. Ne7+ Kb8 25. Nxg8 e5 26. Ne7 Re6 27. Nxd5 Qc6 28. Rf8+ Re8 {[%emt 0:00:45] Check Result:#12} 29. Rxe8+ 1-0

[Event "Asian Amateur Rapid 2024"]
[Site "Al Ain"]
[Date "2024.12.15"]
[Round "5.20"]
[White "Saud Bader Huwair Alzarooni"]
[Black "Dadabaev, Zhanybek"]
[Result "1/2-1/2"]
[ECO "B22"]
[WhiteElo "1644"]
[BlackElo "1927"]
[Annotator "NA COMBH"]
[PlyCount "131"]
[EventDate "2024.12.15"]
[EventType "swiss"]
[EventCountry "UAE"]
[SourceTitle "playchess.com"]
[Source "ChessBase"]
[SourceQuality "1"]
[TimeControl "900+10"]

1. e4 c5 2. c3 d5 3. exd5 Qxd5 4. d4 Nf6 5. Nf3 Bg4 6. Nbd2 e6 7. dxc5 Bxc5 8. Qa4+ Nbd7 9. Bc4 Qd6 10. O-O O-O 11. h3 Bh5 12. Be2 a6 13. Nc4 Qc7 14. Qb3 b5 15. Ne3 Ba7 16. Qc2 Rad8 17. Rd1 Nc5 18. b3 Bg6 19. Qb2 Nce4 20. Bd2 Nd5 21. c4 Nxd2 22. cxd5 Nxf3+ 23. Bxf3 Bxe3 24. fxe3 exd5 25. Rxd5 Rfe8 26. Qd4 Rxd5 27. Qxd5 Qc3 28. Qd4 Qxe3+ 29. Qxe3 Rxe3 30. Rc1 h6 31. Rc8+ Kh7 32. Ra8 Re6 33. Bb7 Bb1 34. a3 Re3 35. Bd5 f6 36. Rxa6 Ba2 37. a4 bxa4 38. Rxa4 Bxb3 39. Ra3 Bxd5 40. Rxe3 h5 41. Re7 Kg6 42. Kf2 f5 43. Ra7 Be4 44. g3 Kh6 45. Ke3 g5 46. Ra6+ Kg7 47. h4 gxh4 48. gxh4 Bb1 49. Kf4 Bd3 50. Rb6 Bc2 51. Kg5 Kh7 52. Rh6+ Kg7 53. Rb6 Kh7 54. Kxh5 Bd3 55. Kg5 Bc2 56. h5 Bd3 57. h6 f4 58. Rb7+ Kh8 59. Kxf4 Bh7 60. Ke5 Bc2 61. Kf6 Bd3 62. Ra7 Bc2 63. Kg5 Bd3 64. Rd7 Bc2 65. Rc7 Bd3 {[%emt 0:00:02] Check Result:0.40} 66. h7 1/2-1/2

[Event "Asian Amateur Rapid 2024"]
[Site "Al Ain"]
[Date "2024.12.15"]
[Round "5.21"]
[White "Al Abdali, Zeyad Saleh"]
[Black "Abdulla Ateeq Alremaeithi"]
[Result "1-0"]
[ECO "E61"]
[WhiteElo "1744"]
[BlackElo "1639"]
[Annotator "NA COMBH"]
[PlyCount "107"]
[EventDate "2024.12.15"]
[EventType "swiss"]
[EventCountry "UAE"]
[SourceTitle "playchess.com"]
[Source "ChessBase"]
[SourceQuality "1"]
[TimeControl "900+10"]

1. d4 Nf6 2. c4 g6 3. Nf3 Bg7 4. Nc3 O-O 5. Bf4 d6 6. h3 Nbd7 7. e3 c6 8. a3 a5 9. Be2 Qe8 10. O-O e5 11. Bh2 h6 12. b4 Nh7 13. c5 dxc5 14. dxc5 f5 15. Qb3+ Kh8 16. Rfd1 g5 17. Nd2 Ndf6 18. Qc2 g4 19. Nc4 gxh3 20. gxh3 Ng5 21. h4 Nh3+ 22. Kf1 Ne4 23. f3 Nxc3 24. Qxc3 e4 25. Be5 Qg6 26. Bxg7+ Kh7 27. Ke1 Qxg7 28. Qxg7+ Kxg7 29. Nb6 Rb8 30. Nd7 Bxd7 31. Rxd7+ Rf7 32. Rxf7+ Kxf7 33. Bc4+ Ke7 34. Ke2 axb4 35. axb4 b5 36. Bb3 Rd8 37. Rh1 Rd3 38. Bg8 Rd8 39. Bh7 Kf6 40. fxe4 fxe4 41. Bxe4 Re8 42. Rf1+ Kg7 43. Bxc6 Rb8 44. Bg2 Ng5 45. hxg5 hxg5 46. Rf5 Kg6 47. Rd5 Kh5 48. c6 Kh4 49. c7 Rc8 50. Rc5 g4 51. Bb7 g3 52. Bxc8 g2 53. Rc1 Kg3 {[%emt 0:00:06] Check Result:#5} 54. Bb7 1-0